 Dungeon Crawl Stone Soup version 0.21-b1-23-g1fb0a74 (webtiles) character file.

473738 Firecrotchwizard the Slayer (level 23, -12/226 HPs)
             Began as a Minotaur Berserker on Jan 5, 2018.
             Was the Champion of Trog.
             Mangled by an ettin
             ... wielding a +0 dire flail
              (16 damage)
             ... on level 5 of the Vaults.
             The game lasted 02:18:49 (53658 turns).

Firecrotchwizard the Slayer (Minotaur Berserker)   Turns: 53658, Time: 02:18:49

Health: -12/226    AC: 39    Str: 28    XL:     23   Next: 58%
Magic:  41/41      EV: 19    Int:  6    God:    Trog [******]
Gold:   2339       SH:  0    Dex: 18    Spells: 22/22 levels left

rFire    + + .     SeeInvis .   Z - +9 battleaxe (vamp) {!w}
rCold    + . .     Gourm    .   (shield currently unavailable)
rNeg     . . .     Faith    +   x - +1 gold dragon scales
rPois    +         Spirit   .   (helmet restricted)
rElec    .         Reflect  .   N - +2 cloak {rF+}
rCorr    .         Harm     .   r - +2 pair of gloves
MR       +....                  D - +2 pair of boots
Stlth    ..........             B - amulet of faith {Faith, !P}
HPRegen  0.47/turn              X - ring of Taeq {MR+ AC+3}
MPRegen  0.27/turn              A - ring "Neezacs" {rPois MP+9 Str+4 Int+2}

@: lethally poisoned (-12 -> -13), about to teleport, vulnerable, drained
A: retaliatory headbutt, horns 2
}: 2/15 runes: decaying, gossamer
a: Berserk, Trog's Hand, Brothers in Arms, Burn Spellbooks, Renounce Religion


You were on level 5 of the Vaults.
You worshipped Trog.
Trog was exalted by your worship.
You were full.

You visited 7 branches of the dungeon, and saw 41 of its levels.
You visited 1 bazaar.
You also visited: Volcano.

You collected 5108 gold pieces.
You spent 2769 gold pieces at shops.

Inventory:

Hand Weapons
 a - the +10 broad axe of a bailey {flame, +Rage rElec Str+3 Stlth-}
   (Trog gifted it to you on level 4 of the Depths)

   It has been specially enchanted to burn those struck by it, causing extra
   injury to most foes and up to half again as much damage against particularly
   susceptible opponents.
   Big, fiery blades are also staple armaments of hydra-hunters.
   It affects your strength (+3).
   It insulates you from electricity.
   It lets you go berserk.
   It makes you less stealthy.
 Z - a +9 vampiric battleaxe (weapon) {!w}
   (You took it off an orc knight on level 15 of the Dungeon)
Missiles
 e - 3 throwing nets {=f, !d}
Armour
 r - a +2 pair of gloves (worn)
   (You bought it in a shop on level 10 of the Dungeon)
 x - +1 gold dragon scales (worn)
   (You found it on level 4 of the Depths)
 D - a +2 pair of boots (worn)
   (You found it on level 3 of the Lair of Beasts)
 F - a +4 plate armour of fire resistance
   (You found it on level 1 of the Depths)
 N - a +2 cloak of fire resistance (worn)
   (You found it in a volcano)
Jewellery
 n - a ring of the Octopus King {rF+ AC+1 EV+1 Str+1 Int+1 Dex+1}
   (You found it on level 2 of the Depths)

   [ring of protection from fire]

   It affects your AC (+1).
   It affects your evasion (+1).
   It affects your strength (+1).
   It affects your intelligence (+1).
   It affects your dexterity (+1).
   It protects you from fire.
 A - the ring "Neezacs" (right hand) {rPois MP+9 Str+4 Int+2}
   (You found it on level 2 of the Depths)

   [ring of poison resistance]

   It affects your strength (+4).
   It affects your intelligence (+2).
   It protects you from poison.
   It affects your magic capacity (+9).
 B - an amulet of faith (around neck) {Faith, !P}
   (You found it on level 10 of the Dungeon)
 E - the ring "Safaa" {rN+ Str+3 Int+3}
   (You found it on level 4 of the Depths)

   [ring of positive energy]

   It affects your strength (+3).
   It affects your intelligence (+3).
   It protects you from negative energy.
 H - the ring "Zagh" {rF+++ rN+ Str-2 Dex+3 SInv}
   (You found it on level 2 of the Depths)

   [ring of positive energy]

   It affects your strength (-2).
   It affects your dexterity (+3).
   It renders you almost immune to fire.
   It protects you from negative energy.
   It lets you see invisible.
 X - the ring of Taeq (left hand) {MR+ AC+3}
   (You bought it in a shop on level 4 of the Vaults)

   [ring of protection]

   It affects your AC (+3).
   It affects your resistance to hostile enchantments.
Wands
 p - a wand of disintegration (29) {@e1}
   (You took it off Maurice on level 13 of the Dungeon)
 I - a wand of scattershot (2)
   (You found it on level 3 of the Lair of Beasts)
 K - a wand of acid (33)
   (You found it on level 4 of the Lair of Beasts)
 U - a wand of iceblast (18)
   (You found it on level 12 of the Dungeon)
Scrolls
 g - 8 scrolls of blinking {!r}
 j - 11 scrolls of identify
 k - 4 scrolls of holy word {!r}
 o - 15 scrolls of teleportation
 s - 2 scrolls of silence
 u - 3 scrolls of magic mapping {!r}
 y - 18 scrolls of remove curse
 G - 3 scrolls of fog
 W - 7 scrolls of fear
Potions
 b - 17 potions of heal wounds
 f - 11 potions of curing
 h - 5 potions of might
 i - 9 potions of flight
 l - 8 potions of lignification {!q}
 m - 6 potions of mutation {!q}
 q - 8 potions of haste
 w - 4 potions of cancellation
 C - 4 potions of invisibility
 J - 2 potions of berserk rage {!q}
 M - 3 potions of resistance
 R - a potion of brilliance
 T - 3 potions of ambrosia
Miscellaneous
 d - a phantom mirror
 t - 2 sacks of spiders
 L - a phial of floods
   (You found it on level 4 of the Lair of Beasts)
 P - a lamp of fire
   (You found it on level 2 of the Depths)
 S - a fan of gales
   (You found it on level 6 of the Lair of Beasts)
 V - a lightning rod (4/4)
   (You found it on level 4 of the Swamp)
Comestibles
 c - 54 rations {@e1}


   Skills:
 + Level 23.1(21.9) Fighting
 - Level 20.3(19.1) Axes
 + Level 23.0(21.8) Armour
 + Level 21.5(20.3) Dodging
   Level 7.5(6.7) Shields
 + Level 14.4(13.4) Evocations


You had 22 spell levels left.
You didn't know any spells.

Dungeon Overview and Level Annotations

Branches:
Dungeon (15/15)            Temple (0/1) D:5            Lair (6/6) D:10
  Swamp (4/4) Lair:2       Spider (4/4) Lair:3        Slime (0/5) Lair:5
    Orc (2/2) D:9             Elf (0/3) Orc:2        Vaults (5/5) D:14
  Crypt (0/3) Vaults:3     Depths (5/5) D:15            Zot (0/5) Depths:5

Altars:
Ashenzari
Cheibriados
Dithmenos
Fedhas
Gozag
Nemelex Xobeh
Okawaru
Ru
Uskayaw
Jiyva

Shops:
D:10 [   D:11 %?!   D:12 (   Orc:1 *!   Orc:2 (?}%   Vaults:2 *   Vaults:4 [=
Depths:2 [:%   Depths:4 %

Portals:
Hell: Depths:1 Depths:2 Depths:3 Depths:4 Depths:5
Abyss: Depths:1 Depths:4 Depths:5
Pandemonium: Orc:2 Depths:2 Depths:3 Depths:5
Ziggurat: Depths:1
Trove: D:11 (show slimy rune of Zot)

Annotations:
D:8 2 transporters
D:15 exclusion: oklob plant
Swamp:3 Roxanne


Innate Abilities, Weirdness & Mutations

You reflexively headbutt those who attack you in melee.
You have a pair of horns on your head.


Message History

Trog accepts your kill.
The tengu reaver hits you but does no damage.
The vault guard completely misses you.
Your iron troll bites the shadow dragon but does no damage.
Your iron troll claws the shadow dragon!
Your iron troll closely misses the shadow dragon.
The orc wizard mumbles some strange words.
The orc wizard blinks!
The ettin hits you with a dire flail!!
The ettin hits you with a dire flail of draining!!
You feel drained. The vault guard barely misses you.
The orc warrior closely misses you.
A phantasmal warrior comes into view.
You take 36 damage, and have 131/226 hp.
You slice the fire giant!!
You kill the fire giant!
Trog accepts your kill.
Trog appreciates your killing of a magic user.
You slash the vault warden! You slice the ironheart preserver!!
You slice the titan!! You slash the vault guard!
Your gold dragon scales prevents you from hitting the yaktaur.
You slice the ettin!! You hit the orc warrior.
You feel better.
You feel sick. The vault warden completely misses you.
The yaktaur hits you but does no damage.
The vault warden hits you with an enchanted long sword.
The ironheart preserver mumbles some strange words.
The ironheart preserver begins to accept its allies' injuries.
The shadow dragon bites your iron troll but does no damage.
The shadow dragon claws your iron troll but does no damage. x2
Something barely misses your iron troll.
Your ogre hits the crawling corpse with a giant club!!
The crawling corpse is destroyed!
The titan casts a spell.
The titan is healed somewhat.
You take 2 damage, and have 129/226 hp.
You slash the vault guard!
You feel better.
You hit the titan.
You feel better.
You slice the ironheart preserver!! You slice the vault warden!!
You slash the two-headed ogre!
You kill the ironheart preserver!
Trog accepts your kill. Something appears at your feet!
Trog grants you ammunition!
Trog appreciates your killing of a magic user.
You closely miss the orc warrior. You hit the ettin. You hit the yaktaur.
You hear two shouts!
The phantasmal warrior blinks!
The vault sentinel blows a loud note on a signal horn!
The deep elf high priest prays to its god.
The deep elf high priest begins emitting a brilliant aura!
The titan is empowered by the deep elf high priest's aura!
The deep elf annihilator is empowered by the deep elf high priest's aura!
The deep elf mage is empowered by the deep elf high priest's aura! x2
The frost giant is empowered by the deep elf high priest's aura!
The tengu reaver is empowered by the deep elf high priest's aura!
The deep elf mage is empowered by the deep elf high priest's aura!
The ogre mage is empowered by the deep elf high priest's aura!
The ironbrand convoker is empowered by the deep elf high priest's aura!
The vault sentinel is empowered by the deep elf high priest's aura!
The orc wizard is empowered by the deep elf high priest's aura! x2
The vault sentinel is empowered by the deep elf high priest's aura!
The vault guard hits you with a great sword.
The vault guard hits you but does no damage.
The tengu reaver hits you but does no damage.
The ettin hits you with a dire flail!!! The ettin misses you.
The two-headed ogre completely misses you.
You furiously retaliate!
You headbutt the two-headed ogre!! The two-headed ogre closely misses you.
The yaktaur misses you. You furiously retaliate!
You headbutt the yaktaur.
You kill the yaktaur!
Trog accepts your kill.
The orc warrior hits you with a battleaxe of draining!
* * * LOW HITPOINT WARNING * * *
You feel drained.
* * * LOW HITPOINT WARNING * * *
The vault sentinel blows a loud note on a signal horn!
The vault warden hits you but does no damage.
You hear a shout!
You hear two shouts!
You hear a shout! x3
You take 67 damage, and have 62/226 hp.
MASSIVE DAMAGE!!
As you read the scroll of teleportation, it crumbles to dust.
You feel strangely unstable.
You feel sick.
Your ogre barely misses the vault guard.
The shadow dragon bites your iron troll.
The shadow dragon claws your iron troll but does no damage. x2
Something hits your iron troll but does no damage.
The vault guard hits you but does no damage.
The titan hits you!!
* * * LOW HITPOINT WARNING * * *
The deep elf mage mumbles some strange words.
The deep elf mage blinks!
The vault warden barely misses you.
The phantasmal warrior blinks!
Your iron troll barely misses the shadow dragon. x3
The frost giant hits you with a battleaxe of freezing!!
* * * LOW HITPOINT WARNING * * *
The frost giant freezes you.
* * * LOW HITPOINT WARNING * * *
The frost giant hits your iron troll with a battleaxe of freezing!
The frost giant freezes your iron troll.
The ettin hits you with a dire flail!
You die...

#.#....# .#
##.#)...#..#
#..#....#...
.)..Y.§....
#####.....e§.##
.....W)OxOp....
.....OCCpp§O...
.....)p@OpOo...


.....pCCopeoe.. #####TQp*Ce..#. .D.{p9xeo.§# ....#.4..#.#. ......#....W .#
......#....#. . #.....#....##. You could see a shadow dragon, a titan, a frost
giant, 2 stone giants, 3 vault wardens, a tengu reaver, 3 vault guards, a deep
elf annihilator, an ettin, 2 two-headed ogres, an ogre mage, a war gargoyle, 2
vault sentinels, a deep elf high priest, 2 phantasmal warriors, an ironbrand
convoker, an ice devil, 3 deep elf magi, 2 orc warriors, an ice beast, 2 ogres,
2 orc wizards, a battlesphere, 2 crawling corpses, a friendly iron troll
(berserk) and a friendly ogre (berserk).

Vanquished Creatures
  3 juggernauts
  Margery (Depths:5)
  3 golden dragons
  Jory (Depths:3)
  Jorgrun (Vaults:1)
  5 tentacled monstrosities
  2 titans (Depths:4)
  4 liches
  3 quicksilver dragons
  5 sphinxes
  4 tengu reavers
  A storm dragon (Depths:4)
  A shadow dragon (Depths:5)
  Donald (Orc:2)
  A deep elf sorcerer (Vaults:4)
  An iron dragon (Depths:4)
  14 fire giants
  5 ghost moths (Spider:4)
  Aizul (Depths:1)
  10 frost giants
  8 vault wardens
  4 emperor scorpions
  A balrug (Depths:5)
  A draconian shifter (Depths:5)
  2 ghouls (Vaults:3)
  15 very ugly things
  21 ironheart preservers
  11 stone giants
  A green draconian (Depths:5)
  2 vampire knights (Depths:4)
  A dire elephant (D:15)
  2 white draconians (Depths:5)
  5 deep elf annihilators
  2 red draconians (Depths:5)
  6 deep elf demonologists
  A purple draconian (Depths:5)
  6 spark wasps
  2 deep elf death magi
  An eidolon (Vaults:3)
  10 ettins
  8 fire dragons
  2 small abominations (Depths:5)
  A deep elf high priest (Depths:5)
  15 yaktaur captains
  36 vault guards
  8 great orbs of eyes
  7 rakshasas
  10 ice dragons
  A catoblepas (Lair:2)
  A spriggan air mage (Depths:5)
  A hell beast (Depths:1)
  18 hydras
  A satyr (shapeshifter) (Depths:4)
  10 centaur warriors
  Erica (D:9)
  11 alligators
  2 death knights
  2 dancing weapons (D:14)
  2 ghost crabs
  A merfolk aquamancer (Depths:2)
  2 death yaks (Lair:4)
  12 tengu warriors
  11 ogre magi
  A vampire mage (Vaults:3)
  7 deep troll earth magi
  27 two-headed ogres
  6 deep troll shamans
  9 spriggan berserkers
  5 orc high priests
  Sonja (D:14)
  2 soul eaters
  2 sun demons
  8 deep elf knights
  A sixfirhy (Orc:2)
  2 iron trolls
  A salamander mystic (Depths:3)
  15 hell knights
  7 skeletal warriors
  2 shadow wraiths
  A spriggan druid (Swamp:4)
  A sea snake (shapeshifter) (Depths:5)
  3 unseen horrors
  An infernal demonspawn (Orc:2)
  2 unseen horrors (shapeshifter)
  2 wizards
  A golden dragon zombie (Depths:3)
  6 deep elf archers
  7 glowing orange brains
  19 deep trolls
  An orange crystal statue (Depths:3)
  2 shambling mangroves
  A gelid demonspawn (Orc:2)
  A lindwurm (Orc:1)
  8 swamp dragons
  A flayed ghost (Vaults:3)
  12 harpies
  24 orb spiders
  16 ironbrand convokers
  4 phantasmal warriors
  6 necromancers
  15 deep elf magi
  9 orc sorcerers
  A shining eye (shapeshifter) (Depths:5)
  19 orc knights
  4 salamanders (Depths:3)
  53 ugly things
  2 frost giant zombies (Depths:3)
  35 wolf spiders
  4 cyclopes
  A fire giant zombie (Depths:1)
  An iron dragon zombie (Depths:3)
  2 manticores (D:15)
  3 moths of wrath
  A salamander (shapeshifter) (Depths:3)
  5 black mambas
  Maurice (D:13)
  8 vault sentinels
  A fire giant skeleton (Depths:1)
  3 rust devils
  11 elephants
  An ice statue (Vaults:4)
  An orange demon (Depths:5)
  A smoke demon (Depths:5)
  24 spiny frogs
  A molten gargoyle (Depths:3)
  4 spectral swamp worms (Depths:4)
  A spriggan zombie (Depths:3)
  A rime drake (Lair:1)
  4 freezing wraiths
  A torpor snail (Spider:3)
  7 centaur skeletons
  9 komodo dragons
  2 yaktaur zombies (Depths:1)
  4 kobold demonologists
  A spriggan skeleton (Depths:3)
  36 yaktaurs
  14 demonic crawlers
  An ice devil (Orc:2)
  9 trolls
  4 tengu conjurers
  A red devil (Depths:1)
  35 jumping spiders
  5 hellwings
  Grinder (D:6)
  A tengu simulacrum (Depths:3)
  A meliai (shapeshifter) (Depths:5)
  4 tyrant leeches
  A merfolk (Depths:2)
  A queen bee (shapeshifter) (Depths:1)
  5 polar bears
  31 hornets
  28 slime creatures
  19 blink frogs
  2 hippogriffs (shapeshifter) (Depths:2)
  5 dream sheep (Lair:6)
  15 hippogriffs
  9 bog bodies
  A meliai zombie (D:12)
  6 water elementals (Depths:2)
  15 spriggans
  49 yaks
  2 wraiths (D:12)
  Sigmund (D:5)
  A tarantella (shapeshifter) (Vaults:1)
  A human (shapeshifter) (Depths:4)
  67 redbacks
  41 tarantellas
  9 wyverns
  4 fire bats (Volcano)
  2 hungry ghosts (D:11)
  4 basilisks
  22 vampire mosquitoes
  A basilisk (shapeshifter) (Vaults:3)
  A steam dragon (D:11)
  2 chaos spawn
  5 wargs
  A swamp worm (shapeshifter) (Depths:4)
  17 swamp worms
  11 insubstantial wisps
  5 hell hounds
  3 floating eyes (Depths:2)
  Duvessa (D:5)
  11 swamp drakes
  3 acid dragons
  15 porcupines
  3 sky beasts
  2 phantoms
  7 water moccasins
  5 ice beasts
  2 black bears (Lair:6)
  51 orc warriors
  A spriggan simulacrum (Depths:1)
  An ice beast (shapeshifter) (Vaults:2)
  A necrophage (D:10)
  24 wolves
  10 boggarts
  32 ogres
  An ogre (shapeshifter) (D:14)
  20 centaurs
  12 crocodiles
  6 big kobolds
  Blork the orc (D:6)
  22 bullfrogs
  Dowan (D:5)
  A wyvern skeleton (D:13)
  A hornet simulacrum (D:15)
  6 killer bees
  4 scorpions
  A wight (D:12)
  6 howler monkeys
  An electric eel (Spider:4)
  3 lava snakes (Volcano)
  13 crimson imps
  2 centaur zombies
  2 bullfrog zombies
  31 orc priests
  2 quasits
  3 bullfrog skeletons
  10 hounds
  3 jellies
  5 iguanas
  An iron imp (Depths:5)
  Jessica (D:3)
  2 gnoll shamans
  Ijyb (D:5)
  29 orc wizards
  13 worker ants
  A killer bee zombie (D:9)
  3 hound skeletons
  2 worker ant zombies
  14 gnolls
  A howler monkey skeleton (D:8)
  15 adders
  5 shadow imps
  2 white imps (Depths:5)
  An ufetubus (Depths:5)
  An ooze (D:4)
  An adder skeleton (D:8)
  A worm (shapeshifter) (Depths:4)
  5 worms
  6 dart slugs
  6 leopard geckos
  166 orcs
  10 bats
  9 giant cockroaches
  6 hobgoblins
  7 jackals
  4 quokkas
  4 ball pythons
  4 frilled lizards
  6 goblins
  23 kobolds
  2 leopard gecko zombies
  A quokka skeleton (D:8)
  A quokka zombie (D:7)
  9 rats
  A rat (shapeshifter) (Depths:2)
  A crawling corpse (Vaults:5)
  6 fungi
  4 plants
1988 creatures vanquished.

Vanquished Creatures (collateral kills)
  A golden dragon (Depths:5)
  A tentacled monstrosity (Depths:3)
  An ancient champion (Depths:2)
  A shadow dragon (Vaults:5)
  A fire giant (Depths:3)
  A frost giant (Depths:3)
  A draconian shifter (Depths:5)
  A very ugly thing (Depths:2)
  A stone giant (Depths:3)
  2 vampire knights
  A red draconian (Depths:5)
  3 vault guards
  An ice dragon (shapeshifter) (Vaults:5)
  4 hydras
  A merfolk aquamancer (Depths:2)
  A deep troll shaman (Depths:2)
  A spriggan berserker (Depths:3)
  2 skeletal warriors (Depths:2)
  A gelid demonspawn (Orc:2)
  A swamp dragon (Swamp:4)
  A phantasmal warrior (Vaults:5)
  An orc knight (Orc:2)
  An ugly thing (Depths:3)
  2 elephants (Lair:5)
  A vault sentinel (Vaults:5)
  A troll (Depths:2)
  2 hornets (Spider:4)
  4 bog bodies
  A slime creature (Depths:3)
  4 dream sheep (Lair:5)
  A tarantella (Spider:4)
  A water elemental (Depths:2)
  3 hell hounds (Volcano)
  A swamp drake (Swamp:4)
  A floating eye (Depths:3)
  2 orc warriors
  An ogre (Vaults:5)
  An orc priest (Depths:2)
  3 orcs (Depths:2)
  A crawling corpse (Vaults:5)
60 creatures vanquished.

Vanquished Creatures (others)
  An ice dragon (Depths:4)
  An unseen horror (D:9)
  A necromancer (Depths:4)
  A spiny frog (Lair:5)
  A jumping spider (shapeshifter) (Depths:4)
  A slime creature (Swamp:3)
  2 tarantellas
  A centaur (D:11)
  6 fungi
  3 plants
18 creatures vanquished.

Grand Total: 2066 creatures vanquished

Notes
Turn   | Place    | Note
-------+----------+-------------------------------------------
     0 | D:1      | Firecrotchwizard the Minotaur Berserker began the quest for the Orb.
     0 | D:1      | Reached XP level 1. HP: 19/19 MP: 0/0
   132 | D:1      | Reached XP level 2. HP: 24/27 MP: 1/1
   266 | D:1      | Reached skill level 4 in Axes
   402 | D:1      | Reached skill level 4 in Fighting
   433 | D:1      | Reached skill level 3 in Armour
   622 | D:1      | Reached XP level 3. HP: 32/33 MP: 2/2
   880 | D:1      | Reached ** piety under Trog
  1497 | D:2      | Reached skill level 3 in Dodging
  1497 | D:2      | Reached XP level 4. HP: 30/41 MP: 3/3
  1819 | D:2      | HP: 9/41 [gnoll/spear (3)]
  2468 | D:3      | Noticed Jessica
  2478 | D:3      | Killed Jessica
  2478 | D:3      | Reached XP level 5. HP: 47/47 MP: 4/4
  2636 | D:3      | Reached skill level 4 in Armour
  2644 | D:3      | Reached *** piety under Trog
  2644 | D:3      | Reached skill level 5 in Axes
  2729 | D:3      | Found an opulent altar of Gozag.
  2933 | D:3      | Reached skill level 5 in Fighting
  3423 | D:4      | Reached XP level 6. HP: 52/56 MP: 5/5
  3472 | D:4      | Reached skill level 4 in Dodging
  3655 | D:4      | Got a dazzling leather armour
  3656 | D:4      | Identified the cursed +0 leather armour of Makhleb's Outrage {rElec rPois Int-5 Stlth+} (You found it on level 4 of the Dungeon)
  3797 | D:4      | Reached skill level 6 in Axes
  3819 | D:4      | Reached XP level 7. HP: 60/61 MP: 6/6
  3820 | D:4      | Found an iron altar of Okawaru.
  3881 | D:4      | Found a sparkling altar of Nemelex Xobeh.
  3939 | D:4      | Reached skill level 5 in Armour
  4193 | D:4      | Got a jacinth-encrusted chain mail
  4202 | D:4      | Identified the +1 chain mail "Qome" {rPois rCorr} (You found it on level 4 of the Dungeon)
  4298 | D:5      | Entered Level 5 of the Dungeon
  4299 | D:5      | Found a staircase to the Ecumenical Temple.
  4308 | D:5      | Noticed Ijyb
  4315 | D:5      | Killed Ijyb
  4345 | D:5      | Noticed Sigmund
  4357 | D:5      | Killed Sigmund
  4357 | D:5      | Reached skill level 6 in Fighting
  4357 | D:5      | Reached skill level 7 in Axes
  4369 | D:5      | Noticed Dowan
  4371 | D:5      | Noticed Duvessa
  4382 | D:5      | Killed Duvessa
  4382 | D:5      | Reached skill level 5 in Dodging
  4388 | D:5      | Killed Dowan
  4388 | D:5      | Reached XP level 8. HP: 50/71 MP: 7/7
  4705 | D:5      | Reached skill level 6 in Armour
  4733 | D:5      | Reached **** piety under Trog
  4733 | D:5      | Reached skill level 8 in Axes
  5372 | D:6      | Reached skill level 7 in Fighting
  5382 | D:6      | Noticed Grinder
  5389 | D:6      | Killed Grinder
  5389 | D:6      | Reached skill level 9 in Axes
  5389 | D:6      | Reached skill level 6 in Dodging
  5499 | D:6      | Reached XP level 9. HP: 79/79 MP: 8/8
  5659 | D:6      | Reached skill level 7 in Armour
  5672 | D:6      | Noticed Blork the orc
  5679 | D:6      | Killed Blork the orc
  5964 | D:6      | Found a sacrificial altar of Ru.
  6169 | D:7      | Found a hide-covered altar of Uskayaw.
  6377 | D:7      | Reached skill level 10 in Axes
  6417 | D:7      | Reached skill level 8 in Fighting
  6867 | D:7      | Reached ***** piety under Trog
  6906 | D:7      | Reached skill level 7 in Dodging
  7037 | D:8      | Got a fine scale mail
  7091 | D:8      | Noticed a two-headed ogre
  7109 | D:8      | Killed a two-headed ogre
  7109 | D:8      | Reached skill level 11 in Axes
  7109 | D:8      | Reached skill level 8 in Armour
  7113 | D:8      | Reached XP level 10. HP: 74/90 MP: 7/9
  7216 | D:8      | Found a shadowy altar of Dithmenos.
  7270 | D:8      | Found a transporter.
  7278 | D:8      | Found a transporter.
  7460 | D:8      | Found a snail-covered altar of Cheibriados.
  7709 | D:8      | Reached skill level 9 in Fighting
  8053 | D:9      | Noticed a two-headed ogre
  8061 | D:9      | Killed a two-headed ogre
  8061 | D:9      | Reached skill level 8 in Dodging
  8091 | D:9      | Received a gift from Trog
  8091 | D:9      | Reached skill level 9 in Armour
  8396 | D:9      | Noticed an unseen horror
  8403 | D:9      | Killed an unseen horror
  8403 | D:9      | Reached skill level 12 in Axes
  8416 | D:9      | Got a jewelled long sword
  8606 | D:9      | Noticed Erica
  8614 | D:9      | Killed Erica
  8678 | D:9      | Found a staircase to the Orcish Mines.
  9073 | D:10     | Entered Level 10 of the Dungeon
  9189 | D:10     | Reached XP level 11. HP: 99/99 MP: 10/10
  9191 | D:10     | Found Joselud's Armour Emporium.
  9200 | D:10     | Bought a scarf of cloud immunity for 84 gold pieces
  9200 | D:10     | Bought a +0 pair of gloves for 54 gold pieces
  9328 | D:10     | Reached skill level 10 in Fighting
  9452 | D:10     | Reached skill level 9 in Dodging
  9623 | D:10     | Found a staircase to the Lair.
  9877 | D:10     | Reached skill level 13 in Axes
 10327 | Lair:1   | Entered Level 1 of the Lair of Beasts
 10338 | Lair:1   | Reached skill level 10 in Armour
 10518 | Lair:1   | HP: 15/101 [spiny frog (17)]
 11377 | Lair:1   | Received a gift from Trog
 11760 | Lair:2   | Found a staircase to the Swamp.
 11781 | Lair:2   | Noticed a four-headed hydra
 11785 | Lair:2   | Killed a four-headed hydra
 11927 | Lair:2   | HP: 21/101 [black mamba (6)]
 11932 | Lair:2   | Reached skill level 14 in Axes
 12271 | Lair:2   | Noticed a catoblepas
 12289 | Lair:2   | Killed a catoblepas
 12289 | Lair:2   | Reached skill level 11 in Fighting
 12313 | Lair:2   | Reached skill level 10 in Dodging
 12517 | Lair:2   | Reached XP level 12. HP: 98/110 MP: 11/11
 12814 | Lair:2   | Reached skill level 11 in Armour
 13946 | Lair:3   | Reached skill level 15 in Axes
 14049 | Lair:3   | Found a hole to the Spider Nest.
 15450 | Lair:4   | Received a gift from Trog
 15504 | Lair:4   | Noticed a five-headed hydra
 15513 | Lair:4   | Killed a two-headed hydra
 15513 | Lair:4   | Reached skill level 12 in Fighting
 15524 | Lair:4   | Reached skill level 11 in Dodging
 15674 | Lair:4   | Noticed a death yak
 15701 | Lair:4   | Killed a death yak
 15701 | Lair:4   | Reached skill level 12 in Armour
 15750 | Lair:4   | Noticed a death yak
 15755 | Lair:4   | Noticed a death yak
 15779 | Lair:4   | Killed a death yak
 16119 | Lair:4   | Reached skill level 16 in Axes
 16119 | Lair:4   | Reached XP level 13. HP: 118/118 MP: 12/12
 16895 | Lair:5   | Found a viscous altar of Jiyva.
 16895 | Lair:5   | Found a staircase to the Slime Pits.
 16993 | Lair:5   | Received a gift from Trog
 17435 | Lair:6   | Entered Level 6 of the Lair of Beasts
 17848 | Lair:6   | Received a gift from Trog
 18170 | Lair:6   | Reached skill level 13 in Fighting
 18170 | Lair:6   | Reached skill level 17 in Axes
 18181 | Lair:6   | Paralysed by a hornet for 3 turns
 18187 | Lair:6   | HP: 30/122 [poisoned by a hornet]
 18199 | Lair:6   | HP: 27/122 [hornet (4)]
 18207 | Lair:6   | HP: 14/122 [spriggan/uncursed spear (1)]
 18208 | Lair:6   | HP: 6/122 [spriggan/uncursed spear (8)]
 18221 | Lair:6   | HP: 18/122 [spriggan/rapier (2)]
 18616 | Lair:6   | Reached skill level 12 in Dodging
 18684 | Lair:6   | Reached skill level 13 in Armour
 19544 | Lair:6   | Reached XP level 14. HP: 100/129 MP: 13/13
 20251 | Orc:1    | Entered Level 1 of the Orcish Mines
 20358 | D:10     | Bought the +5 ring mail of Ashenzari's Whim {rF+ Int+6} for 667 gold pieces
 20494 | Orc:1    | Found a dark tunnel.
 20526 | Volcano  | Entered a volcano
 20608 | Volcano  | Reached ****** piety under Trog
 20637 | Volcano  | Found a burning altar of Makhleb.
 20706 | Volcano  | Found a bloodstained altar of Trog.
 20920 | Orc:1    | Found Kecsim's Distillery.
 20939 | Orc:1    | Bought a potion of curing for 39 gold pieces
 20939 | Orc:1    | Bought a potion of heal wounds for 65 gold pieces
 20939 | Orc:1    | Bought a potion of heal wounds for 65 gold pieces
 20944 | Orc:1    | Found Aconi's Assorted Antiques.
 20973 | Orc:1    | Received a gift from Trog
 21175 | Orc:2    | Entered Level 2 of the Orcish Mines
 21499 | Orc:2    | Found Utit's Magic Scroll Boutique.
 21508 | Orc:2    | Reached skill level 18 in Axes
 21710 | Orc:2    | Found Dila's Food Shop.
 21983 | Orc:2    | Noticed Donald
 22000 | Orc:2    | Killed Donald
 22330 | Orc:2    | Received a gift from Trog
 22449 | Orc:2    | Reached skill level 1 in Shields
 22462 | Orc:2    | Reached skill level 14 in Fighting
 22503 | Orc:2    | Found a staircase to the Elven Halls.
 22508 | Orc:2    | Reached skill level 2 in Shields
 23066 | Orc:2    | Reached skill level 14 in Armour
 23071 | Orc:2    | Reached skill level 13 in Dodging
 23071 | Orc:2    | Reached skill level 3 in Shields
 23267 | Orc:2    | Found Hitralumo's Gadget Emporium.
 23267 | Orc:2    | Found Pomu's Antique Weapon Shoppe.
 23268 | Orc:2    | Found a one-way gate leading to the halls of Pandemonium.
 23382 | Orc:1    | Reached skill level 4 in Shields
 23457 | D:11     | Received a gift from Trog
 23528 | D:11     | Found a shadowy altar of Dithmenos.
 23684 | D:11     | Found Acerriocw's Distillery.
 23687 | D:11     | Bought a potion of heal wounds for 60 gold pieces
 23687 | D:11     | Bought a potion of haste for 120 gold pieces
 23687 | D:11     | Bought a potion of haste for 120 gold pieces
 23691 | D:11     | Found Kaadib's Food Shoppe.
 23872 | D:11     | Reached XP level 15. HP: 139/139 MP: 14/14
 23888 | D:11     | Found Zirr's Magic Scroll Shop.
 23893 | D:11     | Bought a scroll of enchant armour for 75 gold pieces
 23949 | D:11     | Received a gift from Trog
 23949 | D:11     | Reached skill level 5 in Shields
 24009 | D:11     | Found a portal to a secret trove of treasure.
 24749 | D:12     | Found Nanomatu's Antique Weapon Emporium.
 25457 | D:13     | Noticed Maurice
 25464 | D:13     | Killed Maurice
 25956 | D:14     | Reached skill level 6 in Shields
 25957 | D:14     | Received a gift from Trog
 26127 | D:14     | Reached skill level 15 in Fighting
 26375 | D:14     | Noticed Sonja
 26378 | D:14     | Killed Sonja
 26473 | D:14     | Reached skill level 15 in Armour
 26639 | D:14     | Reached skill level 7 in Shields
 26644 | D:14     | Reached skill level 14 in Dodging
 26805 | D:14     | Found a gate to the Vaults.
 27430 | D:15     | Entered Level 15 of the Dungeon
 27648 | D:15     | Received a gift from Trog
 28025 | D:11     | Bought a scroll of enchant weapon for 75 gold pieces
 28138 | Orc:2    | Bought a scroll of enchant weapon for 120 gold pieces
 28138 | Orc:2    | Bought a scroll of enchant armour for 120 gold pieces
 28138 | Orc:2    | Bought a scroll of enchant weapon for 120 gold pieces
 28612 | D:15     | Found a staircase to the Depths.
 28746 | D:15     | Found a blossoming altar of Fedhas.
 29874 | Swamp:1  | Entered Level 1 of the Swamp
 30769 | Swamp:2  | Reached XP level 16. HP: 150/150 MP: 15/15
 31459 | Swamp:3  | Received a gift from Trog
 31644 | Swamp:3  | Reached skill level 19 in Axes
 31672 | Swamp:3  | Noticed Roxanne
 31898 | Swamp:3  | Reached skill level 16 in Fighting
 32198 | Swamp:4  | Entered Level 4 of the Swamp
 32587 | Swamp:4  | Received a gift from Trog
 32716 | Swamp:4  | Reached skill level 16 in Armour
 32799 | Swamp:4  | Reached skill level 15 in Dodging
 32941 | Swamp:4  | Received a gift from Trog
 33151 | Swamp:4  | Got a decaying rune of Zot
 33705 | Spider:1 | Entered Level 1 of the Spider Nest
 34163 | Spider:1 | Reached skill level 20 in Axes
 34688 | Spider:1 | Received a gift from Trog
 34730 | Spider:1 | Reached XP level 17. HP: 111/160 MP: 16/16
 36242 | Spider:2 | Reached skill level 1 in Evocations
 36569 | Spider:3 | Received a gift from Trog
 36678 | Spider:3 | Reached skill level 17 in Fighting
 36701 | Spider:3 | Reached skill level 2 in Evocations
 36984 | Spider:4 | Entered Level 4 of the Spider Nest
 37019 | Spider:4 | Reached skill level 17 in Armour
 37071 | Spider:3 | Reached skill level 3 in Evocations
 37135 | Spider:4 | Received a gift from Trog
 37136 | Spider:4 | Got a slimy lajatang {god gift}
 37137 | Spider:4 | Identified the +8 lajatang "Lifebane" {protect, Str+3 Dex+4 Stlth-} (Trog gifted it to you on level 4 of the Spider Nest)
 37596 | Spider:4 | Reached skill level 16 in Dodging
 37894 | Spider:4 | Reached skill level 4 in Evocations
 38202 | Spider:4 | Received a gift from Trog
 38397 | Spider:4 | Reached skill level 5 in Evocations
 38402 | Spider:4 | Got a gossamer rune of Zot
 38822 | Vaults:1 | Entered Level 1 of the Vaults
 38914 | Vaults:1 | Reached XP level 18. HP: 167/171 MP: 20/20
 39005 | Vaults:1 | Received a gift from Trog
 39019 | Vaults:1 | Reached skill level 18 in Fighting
 39100 | Vaults:1 | Reached skill level 6 in Evocations
 39172 | Vaults:1 | Reached skill level 18 in Armour
 39717 | Vaults:1 | Received a gift from Trog
 39742 | Vaults:1 | Got a twisted war axe {god gift}
 39970 | Vaults:1 | Noticed Jorgrun
 39978 | Vaults:1 | Killed Jorgrun
 40068 | Vaults:1 | Reached skill level 17 in Dodging
 40205 | Vaults:2 | Reached skill level 7 in Evocations
 40512 | Vaults:2 | Found Cetuoteq's General Store.
 40605 | Vaults:2 | Received a gift from Trog
 41038 | Vaults:2 | Paralysed by an ogre mage for 6 turns
 41056 | Vaults:2 | Noticed a Brimstone Fiend
 41669 | Vaults:3 | Reached XP level 19. HP: 53/181 MP: 23/23
 41959 | Vaults:3 | Reached skill level 8 in Evocations
 41984 | Vaults:3 | Reached skill level 19 in Fighting
 42137 | Vaults:3 | Received a gift from Trog
 42739 | Vaults:3 | Reached skill level 19 in Armour
 42950 | Vaults:3 | Found a staircase to the Crypt.
 43538 | Vaults:4 | Found Antuenen's Jewellery Shoppe.
 43543 | Vaults:4 | Bought the ring of Taeq {MR+ AC+3} for 537 gold pieces
 43557 | Vaults:4 | Received a gift from Trog
 43652 | Vaults:4 | Reached skill level 9 in Evocations
 43661 | Vaults:4 | Reached skill level 18 in Dodging
 43813 | Vaults:4 | Got an uncursed transparent arbalest {flame}
 43972 | Vaults:4 | Found Ving's Armour Emporium.
 43983 | Vaults:4 | Found a ruined gateway.
 43993 | Vaults:4 | Received a gift from Trog
 44168 | Vaults:4 | Noticed a Tzitzimitl
 44171 | Vaults:4 | Noticed a Brimstone Fiend
 44179 | Vaults:4 | HP: 36/184 [Tzitzimitl/bolt of negative energy[an ironheart preserver] (35)]
 44447 | Vaults:4 | Found a gateway to a bazaar.
 44633 | Bazaar   | Entered a bazaar
 44633 | Bazaar   | Found Deenub's Antique Weapon Shoppe.
 44633 | Bazaar   | Found Riatef's Food Boutique.
 44633 | Bazaar   | Found Bahouss's Magic Scroll Shoppe.
 44633 | Bazaar   | Found Xiumnuext's Distillery.
 44635 | Bazaar   | Found Ticusul's General Store.
 44635 | Bazaar   | Found Qouruk's Book Shop.
 44640 | Bazaar   | Bought a scroll of teleportation for 54 gold pieces
 44643 | Bazaar   | Bought a scroll of enchant armour for 97 gold pieces
 44652 | Bazaar   | Bought a potion of curing for 33 gold pieces
 44652 | Bazaar   | Bought a potion of resistance for 110 gold pieces
 44652 | Bazaar   | Bought a potion of invisibility for 88 gold pieces
 44652 | Bazaar   | Bought 2 potions of curing for 66 gold pieces
 44748 | Vaults:4 | Reached XP level 20. HP: 189/193 MP: 26/26
 44749 | Vaults:4 | Received a gift from Trog
 45395 | Depths:1 | Entered Level 1 of the Depths
 45406 | Depths:1 | Reached skill level 10 in Evocations
 45544 | Depths:1 | Reached skill level 20 in Fighting
 45573 | Depths:1 | Noticed a juggernaut
 45584 | Depths:1 | Killed a juggernaut
 45592 | Depths:1 | Reached skill level 20 in Armour
 45618 | Depths:1 | Identified the +6 lajatang of Evisceration {freeze, rF++ Stlth+} (You found it on level 1 of the Depths)
 45686 | Depths:1 | Noticed Aizul
 45709 | Depths:1 | Killed Aizul
 45712 | Depths:1 | Received a gift from Trog
 45867 | Depths:1 | Found a shattered altar of Ashenzari.
 46197 | Depths:1 | Found a gateway to a ziggurat.
 46256 | Depths:1 | Received a gift from Trog
 46257 | Depths:1 | Found a gateway to Hell.
 46519 | Depths:1 | Found a one-way gate to the infinite horrors of the Abyss.
 46729 | Depths:2 | Reached skill level 19 in Dodging
 47148 | Depths:2 | Paralysed by a floating eye for 4 turns
 47209 | Depths:2 | Paralysed by a floating eye for 2 turns
 47239 | Depths:2 | Reached skill level 11 in Evocations
 47506 | Depths:2 | Found the ring of the Octopus King
 47540 | Depths:2 | Got a ring of the Octopus King
 47542 | Depths:2 | Identified a ring of the Octopus King {rF+ AC+1 EV+1 Str+1 Int+1 Dex+1} (You found it on level 2 of the Depths)
 47557 | Depths:2 | Received a gift from Trog
 47573 | Depths:2 | Found Ewiuni's Book Emporium.
 47763 | Depths:2 | Got a scorched jade ring
 47765 | Depths:2 | Identified the ring "Neezacs" {rPois MP+9 Str+4 Int+2} (You found it on level 2 of the Depths)
 47804 | Depths:2 | Found Toenimim's Food Emporium.
 47810 | Depths:2 | Reached XP level 21. HP: 202/202 MP: 28/28
 47848 | Depths:2 | Paralysed by a floating eye for 3 turns
 47862 | Depths:2 | Paralysed by a floating eye for 4 turns
 48101 | Depths:2 | Found Feggein's Antique Armour Boutique.
 48153 | Depths:2 | Got a smoking golden ring
 48316 | Depths:2 | Reached skill level 21 in Fighting
 48364 | Depths:2 | Received a gift from Trog
 48617 | Depths:2 | Got an encrusted broad axe {god gift}
 48618 | Depths:2 | Identified the +5 broad axe of Invincibility {flame, Str+2} (Trog gifted it to you on level 2 of the Depths)
 48621 | Depths:2 | Identified the ring "Zagh" {rF+++ rN+ Str-2 Dex+3 SInv} (You found it on level 2 of the Depths)
 48665 | Depths:3 | Noticed Jory
 48739 | Depths:3 | Reached skill level 21 in Armour
 49120 | Depths:3 | Reached skill level 12 in Evocations
 49182 | Depths:3 | Killed Jory
 49224 | Depths:3 | Received a gift from Trog
 49225 | Depths:3 | Found the +14 obsidian axe {chop, +Fly SInv *Curse}
 49493 | Depths:3 | Found a runed door.
 49852 | Depths:3 | Found a runed door.
 49864 | Depths:3 | Paralysed by a floating eye for 3 turns
 49869 | Depths:3 | Paralysed by a floating eye for 3 turns
 49914 | Depths:3 | Paralysed by a floating eye for 2 turns
 49919 | Depths:3 | Paralysed by a floating eye for 2 turns
 49925 | Depths:3 | Paralysed by a floating eye for 3 turns
 50048 | Depths:4 | Reached skill level 20 in Dodging
 50068 | Depths:4 | Received a gift from Trog
 50290 | Depths:4 | Reached XP level 22. HP: 184/214 MP: 30/30
 50548 | Depths:4 | Received a gift from Trog
 50610 | Depths:4 | Identified the +10 broad axe of a bailey {flame, +Rage rElec Str+3 Stlth-} (Trog gifted it to you on level 4 of the Depths)
 50899 | Depths:4 | Found Vemutup's Food Shoppe.
 51014 | Depths:4 | Noticed a juggernaut
 51027 | Depths:4 | Killed a juggernaut
 51062 | Depths:4 | Reached skill level 13 in Evocations
 51224 | Depths:4 | Reached skill level 22 in Fighting
 51326 | Depths:4 | Received a gift from Trog
 51327 | Depths:4 | Identified the +9 battleaxe "Quvuhysi" {flame, *Contam +Rage Dex+4} (Trog gifted it to you on level 4 of the Depths)
 51332 | Depths:4 | Reached skill level 22 in Armour
 51355 | Depths:4 | Noticed a golden dragon
 51364 | Depths:4 | Killed a golden dragon
 51511 | Depths:4 | Got a twitching golden ring
 51528 | Depths:4 | Identified the ring "Safaa" {rN+ Str+3 Int+3} (You found it on level 4 of the Depths)
 51896 | Depths:5 | Entered Level 5 of the Depths
 52053 | Depths:5 | Noticed a golden dragon
 52067 | Depths:5 | Killed a golden dragon
 52162 | Depths:5 | Noticed Margery
 52185 | Depths:5 | Killed Margery
 52396 | Depths:5 | Received a gift from Trog
 52685 | Depths:5 | Noticed a juggernaut
 52723 | Depths:5 | Killed a juggernaut
 52723 | Depths:5 | Reached skill level 21 in Dodging
 52723 | Depths:5 | Reached XP level 23. HP: 224/224 MP: 32/32
 52885 | Depths:5 | Found a gate to the Realm of Zot.
 52922 | Depths:5 | Reached skill level 14 in Evocations
 52940 | Depths:5 | Received a gift from Trog
 53172 | Depths:5 | Got a pitted shortbow
 53535 | Vaults:5 | Entered Level 5 of the Vaults
 53639 | Vaults:5 | Reached skill level 23 in Fighting
 53649 | Vaults:5 | Received a gift from Trog
 53651 | Vaults:5 | Reached skill level 23 in Armour
 53657 | Vaults:5 | Received a gift from Trog
 53658 | Vaults:5 | HP: 29/226 [titan (32)]
 53658 | Vaults:5 | HP: 8/226 [frost giant/battleaxe of freezing (21)]
 53658 | Vaults:5 | Mangled by an ettin

Skill      XL: |  1  2  3  4  5  6  7  8  9 10 11 12 13 14 15 16 17 18 19 20 21 22 23 |
---------------+----------------------------------------------------------------------+-----
Axes           | 4 5 6 7 9 11 12 14 16 17 18 20 | 20.3
Fighting       | 4 5 6 7 8 9 11 12 13 14 15 16 17 18 19 20 21 22 23 | 23.1
Armour         | 3 4 5 6 8 9 10 12 13 14 15 16 17 18 19 20 21 22 23 | 23.0
Dodging        | 3 4 5 6 7 8 10 11 12 13 14 15 16 17 18 19 20 21 | 21.5
Shields        | 4 7 |  7.5
Evocations     | 5 7 9 11 12 13 14 | 14.4

Action                   |  1- 3 |  4- 6 |  7- 9 | 10-12 | 13-15 | 16-18 | 19-21 | 22-24 || total
-------------------------+-------+-------+-------+-------+-------+-------+-------+-------++-------
Melee: Hand axe          |    85 |       |   221 |    84 |       |       |       |       ||   390
       Headbutt          |    10 |    19 |    57 |   121 |   258 |   380 |   425 |   232 ||  1502
       War axe           |       |   131 |    82 |       |       |       |       |       ||   213
       Battleaxe         |       |       |       |   353 |   141 |  1174 |  1407 |   631 ||  3706
       Executioner's axe |       |       |       |     4 |       |       |       |       ||     4
       Broad axe         |       |       |       |    51 |  1025 |    98 |       |       ||  1174
Throw: Tomahawk          |       |       |       |       |     9 |       |       |       ||     9
Invok: Trog's Hand       |       |     1 |     3 |     1 |     6 |     7 |    15 |     4 ||    37
       Berserk           |       |       |       |     1 |       |       |       |       ||     1
       Brothers in Arms  |       |       |       |     1 |     5 |     3 |     6 |     3 ||    18
       Burn Spellbooks   |       |       |       |       |     2 |     2 |     1 |     2 ||     7
Evoke: Wand              |       |       |     1 |       |     1 |    19 |     3 |     1 ||    25
       Fan of gales      |       |       |       |       |       |       |       |     1 ||     1
  Use: Scroll            |       |    10 |     4 |    11 |    22 |     4 |    15 |     8 ||    74
       Potion            |       |       |       |     3 |     3 |     2 |     2 |     4 ||    14
 Stab: Distracted        |       |       |       |       |       |     1 |     3 |     1 ||     5
       Confused          |       |       |       |       |       |     6 |       |       ||     6
  Eat: Chunk             |     2 |     4 |     8 |    16 |    34 |    13 |    19 |    10 ||   106
       Ration            |       |     1 |     1 |     5 |     7 |    10 |     5 |     3 ||    32
Armor: Animal skin       |     7 |       |       |       |       |       |       |       ||     7
       Ring mail         |    14 |     4 |       |       |   181 |       |    13 |       ||   212
       Plate armour      |       |    53 |   123 |    95 |       |       |   528 |   114 ||   913
       Chain mail        |       |       |    21 |   115 |   210 |   562 |   175 |       ||  1083
       Skin              |       |       |     1 |       |       |       |       |       ||     1
       Swamp dragon scal |       |       |       |       |       |   110 |       |       ||   110
       Gold dragon scale |       |       |       |       |       |       |       |   336 ||   336
Dodge: Dodged            |    48 |    83 |   124 |   258 |   628 |  1089 |  1090 |   543 ||  3863
Block: Shield            |       |       |       |       |   212 |       |       |       ||   212
       Reflection        |       |       |       |       |    21 |       |       |       ||    21

Vault maps used:
D:1:      lightli_arrival_boilingwater
D:2:      cheibrodos_old_hovel
D:3:      first_ration, grunt_gozag_breadcrumbs, uniq_jessica
D:4:      kennysheep_mini, nemelex_xobeh_ov_fountains_minmay,
          minmay_misc_feat_roman
D:5:      minmay_temple_entry_junction, uniq_sigmund, uniq_duvessa, uniq_ijyb
D:6:      lemuel_coloured_pillars_altar, uniq_blork_the_orc, uniq_grinder
D:7:      basic_altar
D:8:      gammafunk_temple_overflow_arena, basic_altar, grunt_ogre_cave,
          minmay_misc_feat_chi
D:9:      hiddenorc1_lemuel, special_room, uniq_erica
D:10:     erik_lair_dragon, serial_shops, shop
D:11:     minmay_ornate_pinched, nicolae_trove_entry_diagonal, serial_shops,
          nicolae_shop_waterfront, kennysheep_mini_moat, shop,
          nicolae_dithmenos_shadow_blocks
D:12:     serial_shops, shop
D:13:     uniq_maurice
D:14:     erik_vaults_1, serial_bayou_pond_e, kennysheep_generic_room_9,
          uniq_sonja
D:15:     hangedman_depths_entry_try_elsewhere_first, serial_aquarium,
          aquarium_bridge_island_small, aquarium_window_double,
          aquarium_window_corridor_2, aquarium_window_fake, aquarium_view_2e,
          aquarium_balcony_3a, tgw_fedhas
Lair:2:   swamp_mist, grunt_megastairs_2
Lair:3:   spider_nest_entry_rubble, grunt_megastairs_4,
          infiniplex_staircase_pool
Lair:4:   statuecave_lemuel
Lair:5:   dpeg_slime_entry_enclosed_altar
Lair:6:   minmay_lair_end_enchanted_forest
Swamp:1:  evilmike_swamp_ruin_house_1
Swamp:2:  evilmike_swamp_ruin_house_3
Swamp:3:  evilmike_swamp_ruin_house_4, uniq_roxanne
Swamp:4:  swamp_basic_johnstein
Spider:1: hangedman_spider_trapstep, hangedman_spider_tarantella_strand
Spider:4: spider_rune_water, nicolae_spider_webbed_stairs
Orc:1:    nicolae_volcano_entry_vermiform, serial_shops, shop,
          nicolae_shop_statue_plus
Orc:2:    pf_orc_diabolical, uniq_donald
Vaults:1: vaults_room_door_ring, nicolae_vaults_stairing_the_circle,
          vaults_mumra_lcd, nicolae_vaults_little_squares_6,
          nicolae_vaults_asterisk, grunt_vaults_swirl, nicolae_vaults_murderbox,
          v_misc_23, v_misc_19, uniq_jorgrun
Vaults:2: v_misc_8, ontoclasm_vaults_claustrophobia,
          nicolae_vaults_little_squares_5, vaults_room_door_ring,
          nicolae_vaults_mini_display_case, nicolae_vaults_specimen_jars,
          vaults_standard_mumra_x, v_misc_3, v_alt_pattern_6, serial_shops,
          nicolae_shop_competitors_out_of_business
Vaults:3: minmay_crypt_entry_simple_walls, vaults_dpeg_spiral,
          nicolae_vaults_twisting_passages, vaults_dpeg_hooks, v_misc_14,
          nicolae_vaults_big_ls, vaults_room_octagon, v_misc_1, v_rooms_3,
          hangedman_vaults_locks, hangedman_vaults_variations, v_misc_22,
          nicolae_vaults_quartermaster, nicolae_vaults_rhombus_6,
          vaults_dpeg_encased_lava
Vaults:4: v_alt_pattern_4, hangedman_vaults_stream, vaults_room_grid,
          nicolae_vaults_meeting, ontoclasm_vaults_chip,
          nicolae_vaults_yaktaur_gun_rack, hangedman_vaults_pinch,
          dpeg_vaults_monster_box, hangedman_vaults_capsules, v_alt_pattern_4,
          hangedman_vaults_corner_blocks, serial_shops, statue_bzr,
          nicolae_shop_waterfront, nicolae_shop_statue_plus,
          portal_desolation_entry_nicolae_slug
Vaults:5: serial_shops
Depths:1: enter_ziggurat_b, abyss_entry, grunt_mini_vestibule,
          evilmike_ruin_ashenzari, minmay_evil_grid, uniq_aizul
Depths:2: hangedman_spin_cycle, pan_entry, hell_entry
Depths:3: thingy_vault_2, hellmouth_3, pan_entry, kennysheep_cross_room,
          serial_bayou_shore_b, uniq_jory
Depths:4: evilmike_diamond_2, serial_sigils, serial_sigils_hangedman_scar,
          serial_sigils_hangedman_snap, serial_sigils_hangedman_carve,
          serial_sigils_hangedman_quiver, pf_hell_entry_tar_river, abyss_entry,
          dk_noncrumbling_3, serial_shops, nicolae_shop_behind_doors,
          kennysheep_pointless_box, kennysheep_crisscross,
          infiniplex_staircase_pillars_1
Depths:5: grunt_zot_entry_gee_three, marbit_kobold_abyss_entry,
          grunt_pan_entry_spiral, hangedman_geh_valley, minmay_pinched_square,
          uniq_margery
Bazaar:   bazaar_minmay_generic_island
Volcano:  volcano_grotto

Table legend:
 A = Turns spent in this place as a percentage of turns spent in the entire game.
 B = Non-inter-level travel turns spent in this place as a percentage of non-inter-level travel turns spent in the entire game.
 C = Inter-level travel turns spent in this place as a percentage of turns spent in this place.
 D = Turns resting spent in this place as a percentage of non-inter-level travel turns spent in this place.
 E = Turns spent auto-exploring this place as a percentage of non-inter-level travel turns spent in this place.
 F = Non-inter-level travel turns spent in this place divided by the number of levels of this place that you've seen.
                   A       B       C       D       E      F
               +-------+-------+-------+-------+-------+----------------------
         Total | 100.0 | 100.0 |   6.5 |  31.0 |  47.2 | 1166.7
       Dungeon |  32.6 |  31.3 |  10.2 |  26.4 |  57.9 | 1046.2
          Lair |  18.1 |  18.4 |   4.5 |  46.4 |  38.2 | 1542.2
         Swamp |   7.1 |   7.2 |   5.0 |  18.1 |  58.3 | 900.8
   Spider Nest |   9.1 |   9.2 |   4.9 |  35.9 |  38.9 | 1158.0
  Orcish Mines |   5.4 |   5.4 |   6.1 |  42.6 |  30.7 | 1355.0
        Vaults |  12.5 |  12.8 |   4.8 |  23.9 |  50.2 | 1280.2
        Depths |  14.9 |  15.2 |   4.2 |  27.2 |  40.1 | 1528.0
        Bazaar |   0.1 |   0.1 |   0.0 |   0.0 |  62.5 |  32.0
       Volcano |   0.4 |   0.4 |   0.0 |   7.4 |   8.4 | 203.0
               +-------+-------+-------+-------+-------+----------------------

Table legend:
 A = Kills in this place as a percentage of kills in entire the game.
 B = Kills by you in this place as a percentage of kills by you in the entire game.
 C = Kills by friends in this place as a percentage of kills by friends in the entire game.
 D = Other kills in this place as a percentage of other kills in the entire game.
 E = Experience gained in this place as a percentage of experience gained in the entire game.
 F = Experience gained in this place divided by the number of levels of this place that you have seen.
                   A       B       C       D       E      F
               +-------+-------+-------+-------+-------+----------------------
         Total | 100.0 | 100.0 | 100.0 | 100.0 | 100.0 | 21554.5
       Dungeon |  25.3 |  26.1 |   0.0 |  20.0 |   6.5 | 3996.1
          Lair |  10.4 |  10.4 |  11.9 |   0.0 |   5.9 | 9150.8
         Swamp |   7.4 |   7.2 |  15.3 |  10.0 |   6.2 | 14371.8
   Spider Nest |  11.8 |  11.7 |   5.1 |  60.0 |   9.6 | 22329.8
  Orcish Mines |   6.7 |   6.7 |   5.1 |   0.0 |   2.6 | 12143.0
        Vaults |  17.4 |  17.6 |  11.9 |   0.0 |  26.3 | 48671.4
        Depths |  20.3 |  19.6 |  45.8 |  10.0 |  42.6 | 78888.0
       Volcano |   0.7 |   0.6 |   5.1 |   0.0 |   0.3 | 3110.0
               +-------+-------+-------+-------+-------+----------------------
